 Dungeon Crawl Stone Soup version 0.28.0 (webtiles) character file.

Game seed: 14835535097928719987

6602 Morbidden the Cleaver (level 10, 0/75 (79) HPs)
             Began as a Demonspawn Fighter on Feb 15, 2022.
             Slain by a hell rat (2 damage)
             ... on level 8 of the Dungeon.
             The game lasted 00:08:16 (7715 turns).

Morbidden the Cleaver (Demonspawn Fighter)          Turns: 7715, Time: 00:08:17

HP:   0/75 (79)     AC: 17    Str: 21    XL:     10   Next: 71%
MP:   16/17         EV:  6    Int: 10    God:
Gold: 394           SH:  8    Dex: 12    Spells: 18/18 levels left

rFire   . . .      SeeInvis +   a - +0 war axe
rCold   . . .      Faith    .   z - +0 kite shield
rNeg    . . .      Spirit   .   w - +1 plate armour
rPois   .          Reflect  .   (helmet unavailable)
rElec   .          Harm     .   y - +0 cloak
rCorr   .          Rampage  .   (no gloves)
Will    .....                   (no boots)
Stlth   ..........              u - amulet of regeneration
HPRegen 1.02/turn               C - ring of see invisible
MPRegen 0.15/turn               (no ring)

@: drained
A: horns 3, yellow scales 2, foul stench 1
a: no special abilities


You were on level 8 of the Dungeon.
You visited 2 branches of the dungeon, and saw 9 of its levels.
You also visited: Ossuary.

You collected 394 gold pieces.

Inventory:

Hand Weapons
 a - a +0 war axe (weapon)
 b - a +2 mace of venom
Missiles
 j - 3 javelins
 n - 3 silver javelins
 o - 22 poisoned darts (quivered)
 t - 4 boomerangs
 A - 3 throwing nets
Armour
 w - a +1 plate armour (worn)
 y - a +0 cloak (worn)
 z - a +0 kite shield (worn)
Jewellery
 r - an amulet of guardian spirit
 u - an amulet of regeneration (around neck)
 C - a ring of see invisible (left hand)
Wands
 h - a wand of flame (55)
 q - a wand of paralysis (12)
Scrolls
 c - 2 scrolls of acquirement {unknown}
 d - a scroll of blinking {unknown}
 e - a scroll of vulnerability {unknown}
 k - 4 scrolls of identify
 m - 2 scrolls of immolation
 v - 2 scrolls of silence {unknown}
 x - a scroll of enchant weapon {unknown}
Potions
 f - a potion of berserk rage {unknown}
 g - a potion of lignification
 i - 7 potions of curing
 l - a potion of heal wounds {unknown}
 p - 2 potions of flight {unknown}
 s - 3 potions of degeneration {unknown}
 B - a potion of mutation {unknown}


   Skills:
 * Level 7.2 Fighting
 * Level 10.2 Axes
 + Level 0.1 Throwing
 + Level 5.5 Armour
 * Level 5.3 Dodging
 + Level 1.6 Stealth
 + Level 4.0 Shields
 * Level 4.6 Spellcasting


You had 18 spell levels left.
You didn't know any spells.
Your spell library contained the following spells:

 Spells                   Type           Power      Damage    Failure   Level
 Frozen Ramparts          Ice            4%         1d2       100%        3
 Animate Armour           Summ/Erth      4%         N/A       100%        4
 Ice Form                 Ice/Tmut       2%         N/A       100%        4
 Summon Ice Beast         Ice/Summ       2%         N/A       100%        4
 Blade Hands              Tmut           1%         N/A       100%        5
 Fireball                 Conj/Fire      1%         3d3       100%        5
 Iskenderun's Battlesphe  Conj           2%         2d6       100%        5
 Conjure Ball Lightning   Conj/Air       1%         3x3d6     100%        6
 Iron Shot                Conj/Erth      1%         9d1       100%        6
 Orb of Destruction       Conj           1%         9d5       100%        7


Dungeon Overview and Level Annotations

Branches:
Dungeon (8/15)             Temple (1/1) D:6            Lair (0/6) D:8
Ossuary (visited)

Altars:
Ashenzari
Dithmenos
Elyvilon
Gozag
Hepliaklqana
Kikubaaqudgha
Okawaru
Ru
Trog
Uskayaw
Wu Jian
Yredelemnul
Zin
The Shining One

Shops:
D:1 [

Annotations:
D:2 1 runed translucent door, Crazy Yiuf


Innate Abilities, Weirdness & Mutations

You have a pair of large horns on your head.
You are mostly covered in yellow scales. (AC +3)
You may rarely emit foul miasma when damaged in melee.


Message History

The death yak barely misses you.
You barely miss the death yak. You headbutt the death yak!
The death yak is moderately wounded.
The death yak gores you!
You hit the death yak.
The death yak is moderately wounded.
The death yak gores you!
You slash the death yak! You headbutt the death yak.
The death yak is severely wounded.
You block the death yak's attack.
You hit the death yak but do no damage.
The death yak is severely wounded.
The death yak gores you!
You emit a cloud of foul miasma!
The death yak is engulfed in dark miasma.
The death yak is poisoned.
The death yak seems to slow down.
The death yak gores you but does no damage.
You barely miss the death yak.
The death yak is severely wounded.
You barely miss the death yak.
The death yak is severely wounded.
The death yak is engulfed in dark miasma.
The death yak looks even sicker.
You block the death yak's attack.
You hit the death yak but do no damage.
The death yak is almost dead.
The death yak is engulfed in dark miasma.
The death yak looks even sicker.
You kill the death yak!
You block the hell rat's attack.
You see here a death yak corpse.
You barely miss the hell rat. The hell rat bites you. The hell rat bites you!
* * * LOW HITPOINT WARNING * * *
You feel drained.
You barely miss the hell rat. The hell rat bites you!
* * * LOW HITPOINT WARNING * * *
You feel drained.
* * * LOW HITPOINT WARNING * * *
You hit the hell rat.
The hell rat is lightly wounded.
The hell rat bites you.
You die...

......#.#.#
......#<#..
#####.############
#............#
############.# #.#
#.# #.# #@# #r#
#r#
...........##r#
...........##.#
....#......##.#
......!....##.#
>..........##†#
...........##.#


You could see 2 hell rats and a rat.

Vanquished Creatures
  Harold (D:7)
  3 death yaks (D:8)
  Pikel (D:6)
  Maggie (D:7)
  Sigmund (D:5)
  6 yaks (D:7)
  A steam dragon (D:5)
  3 water moccasins
  3 orc warriors
  An ice beast (D:7)
  2 black bears
  A necrophage (D:3)
  An ogre (D:6)
  A bullfrog (D:7)
  3 scorpions
  5 water moccasin zombies
  2 water moccasin skeletons (D:5)
  2 centaur zombies
  2 bullfrog zombies
  2 hounds
  A quasit (D:7)
  2 centaur skeletons
  A bullfrog skeleton (D:5)
  Natasha (thrice) (D:2)
  2 iguanas (D:6)
  4 orc wizards
  A hound zombie (D:5)
  2 mummies (Ossuary)
  A howler monkey zombie (D:7)
  Robin (D:2)
  3 adders
  A howler monkey skeleton (D:6)
  A shadow imp (D:5)
  5 adder zombies
  An adder skeleton (D:4)
  A worm (D:2)
  5 dart slugs
  22 orcs
  5 bats
  5 endoplasms
  5 giant cockroaches (D:1)
  A gnoll zombie (Ossuary)
  10 goblins
  5 hobgoblins
  2 kobolds
  4 quokkas
  4 ball pythons
  6 frilled lizards
  5 hobgoblin zombies
  2 kobold skeletons (D:7)
  10 kobold zombies
  5 orc zombies
  8 rats
176 creatures vanquished.

Vanquished Creatures (others)
  4 plants (D:2)
4 creatures vanquished.

Grand Total: 180 creatures vanquished

Notes
Turn   | Place    | Note
-------+----------+-------------------------------------------
     0 | D:1      | Morbidden the Demonspawn Fighter began the quest for the
                  | Orb.
     0 | D:1      | Reached XP level 1. HP: 18/18 MP: 1/1
    25 | D:1      | Found Peubra's Antique Armour Boutique.
   161 | D:1      | Gained mutation: You are partially covered in yellow
                  | scales. (AC +2) [demonic ancestry]
   161 | D:1      | Reached XP level 2. HP: 16/24 MP: 2/2
   268 | D:1      | Reached skill level 2 in Axes
   465 | D:1      | Found a faded altar of an unknown god.
   786 | D:1      | Gained mutation: You have a pair of small horns on your
                  | head. [demonic ancestry]
   786 | D:1      | Reached XP level 3. HP: 29/29 MP: 3/3
   900 | D:2      | Noticed Robin
   906 | D:2      | Killed Robin
  1020 | D:2      | Reached skill level 3 in Axes
  1020 | D:2      | Reached XP level 4. HP: 29/35 MP: 4/4
  1083 | D:2      | Found a runed translucent door.
  1084 | D:2      | Noticed Crazy Yiuf
  1264 | D:2      | Noticed Natasha
  1271 | D:2      | Killed Natasha
  1443 | D:2      | Noticed Natasha
  1450 | D:2      | Killed Natasha
  1810 | D:2      | Noticed Natasha
  1834 | D:2      | Killed Natasha
  1835 | D:2      | Gained mutation: You have a pair of horns on your head.
                  | [demonic ancestry]
  1835 | D:2      | Reached XP level 5. HP: 16/41 MP: 5/5
  2664 | D:3      | Noticed a necrophage
  2671 | D:3      | Killed a necrophage
  2672 | D:3      | Reached skill level 4 in Axes
  3118 | D:3      | Gained mutation: You are mostly covered in yellow scales.
                  | (AC +3) [demonic ancestry]
  3118 | D:3      | Reached XP level 6. HP: 48/48 MP: 6/6
  3975 | D:5      | Entered Level 5 of the Dungeon
  4053 | D:5      | Reached skill level 1 in Spellcasting
  4268 | D:5      | Reached skill level 1 in Dodging
  4455 | D:5      | Noticed a steam dragon
  4461 | D:5      | Noticed Sigmund
  4466 | D:5      | Reached skill level 5 in Axes
  4466 | D:5      | Reached XP level 7. HP: 34/54 MP: 5/8
  4473 | D:5      | Killed a steam dragon
  5132 | D:5      | Killed Sigmund
  5133 | D:5      | Reached skill level 6 in Axes
  5133 | D:5      | Gained mutation: You have a pair of large horns on your
                  | head. [demonic ancestry]
  5133 | D:5      | Reached XP level 8. HP: 61/61 MP: 9/11
  5790 | D:6      | Noticed Pikel
  5800 | D:6      | Killed Pikel
  5801 | D:6      | Reached skill level 5 in Fighting
  5801 | D:6      | Reached skill level 7 in Axes
  5813 | D:6      | Found a staircase to the Ecumenical Temple.
  5829 | Temple   | Entered the Ecumenical Temple
  5953 | D:6      | Reached XP level 9. HP: 56/68 MP: 13/13
  6006 | D:6      | Found a sand-covered staircase.
  6014 | Ossuary  | Entered an ossuary
  6106 | Ossuary  | Reached skill level 8 in Axes
  6933 | D:7      | Noticed Maggie
  6954 | D:7      | Killed Maggie
  7000 | D:7      | Noticed Harold
  7015 | D:7      | Killed Harold
  7016 | D:7      | Reached skill level 9 in Axes
  7016 | D:7      | Reached skill level 5 in Armour
  7016 | D:7      | Reached skill level 1 in Stealth
  7237 | D:7      | Gained mutation: You may rarely emit foul miasma when
                  | damaged in melee. [demonic ancestry]
  7237 | D:7      | Reached XP level 10. HP: 77/77 MP: 16/16
  7273 | D:7      | Found an iron altar of Okawaru.
  7648 | D:8      | Noticed a death yak
  7649 | D:8      | Noticed a death yak
  7651 | D:8      | Found a staircase to the Lair.
  7651 | D:8      | Noticed a death yak
  7681 | D:8      | Killed a death yak
  7682 | D:8      | Reached skill level 5 in Dodging
  7703 | D:8      | Killed a death yak
  7704 | D:8      | Reached skill level 10 in Axes
  7711 | D:8      | Killed a death yak
  7714 | D:8      | HP: 1/75 [hell rat (4)]
  7715 | D:8      | Slain by a hell rat

Illustrated notes

Levels and vault maps discovered:
D:1:      evilmike_arrival_crescent, layout_basic,
          shapermc_ecumenical_altar_hornbeckon, serial_shops,
          nicolae_shop_statue_plus
D:2:      layout_basic, serial_forest, infiniplex_forest_diagonal,
          infiniplex_forest_corner_2, infiniplex_forest_pool,
          infiniplex_forest_3_way, infiniplex_forest_clump_double,
          infiniplex_forest_clump_curved, infiniplex_forest_end_2,
          uniq_crazy_yiuf_cottage, uniq_natasha, uniq_robin
D:3:      layout_basic
D:4:      layout_loops_ring, chequers_serial_rivers_room_a, serial_bayou_pond_a
D:5:      layout_basic, chequers_serial_rivers_micro_e, hex_medium, uniq_sigmund
D:6:      layout_basic, minmay_temple_entry_butterflies,
          nicolae_ossuary_entry_plus, uniq_pikel
D:7:      layout_rooms, mainiacjoe_overflow_cross_hatched,
          nicolae_tso_besieged_by_evil, mainiacjoe_overflow_two_lobes,
          uniq_maggie, uniq_harold
D:8:      layout_basic, dpeg_lair_monsters, serial_shops,
          nicolae_lakefront_shop, minmay_evil_grid
Temple:   cyrus_temple_forest

Skill      XL: |  1  2  3  4  5  6  7  8  9 10 |
---------------+-------------------------------+-----
Axes           | 2 3 4 5 6 7 9 10 | 10.2
Armour         | 3 4 5 |  5.5
Shields        | 3 4 |  4.0
Spellcasting   | 1 2 3 4 |  4.6
Dodging        | 2 3 4 5 |  5.3
Fighting       | 4 5 6 7 |  7.2
Stealth        | 1 |  1.6
Throwing       | |  0.1

Action                   |  1- 3 |  4- 6 |  7- 9 | 10-12 || total
-------------------------+-------+-------+-------+-------++-------
Melee: War axe           |    83 |   111 |   297 |    74 ||   565
       Headbutt          |     4 |    19 |    62 |    13 ||    98
Throw: Dart              |       |       |     3 |       ||     3
       Javelin           |       |       |     1 |       ||     1
Evoke: Wand              |       |       |     1 |       ||     1
  Use: Potion            |       |     2 |     1 |       ||     3
       Scroll            |       |       |     7 |       ||     7
 Stab: Paralysed         |       |       |     6 |       ||     6
Armor: Scale mail        |    46 |    51 |       |       ||    97
       Skin              |       |     4 |       |       ||     4
       Plate armour      |       |    17 |   197 |    31 ||   245
Dodge: Dodged            |    27 |    44 |    80 |    10 ||   161
Block: Buckler           |    11 |    20 |    14 |       ||    45
       Kite shield       |       |       |   103 |    32 ||   135
